 Dungeon Sprint DCSS version 0.27-a0-808-g60bc5d92e6 (webtiles) character file.

Game seed: 15362743207455102961

361 rocky1 the Ducker (level 6, -1/76 HPs)
             Began as a Djinni Gladiator on Mar 29, 2021.
             Was an Elder of Makhleb.
             Slain by an orc knight
             ... wielding a +0 great sword
              (10 damage)
             ... in the Dungeon (Sprint VII: "The Pits").
             The game lasted 00:03:39 (588 turns).

rocky1 the Ducker (Djinni Gladiator)                 Turns: 588, Time: 00:03:39

Health: -1/76      AC: 10    Str: 14    XL:     6   Next: 66%
Gold:   0          EV: 12    Int: 10    God:    Makhleb [****..] SH:  0 Dex: 15

rFire    + + .     SeeInvis .   m - +3 long sword (flame)
rCold    x . .     Faith    .   (no shield)
rNeg     . . .     Spirit   .   a - +3 scale mail {rPois}
rPois    ∞         Reflect  .   c - +0 helmet
rElec    .         Harm     .   (no cloak)
rCorr    .         Rampage  .   (no gloves)
Will     .....     NoTele   +   (boots unavailable)
Stlth    ..........             (no amulet)
HPRegen  0.22/turn              (no ring)
MPRegen  0.00/turn              (no ring)

@: berserking, flying, very quick
A: fire resistance 2, cold vulnerability 1, float, innate caster, hp casting,
extra vitality 1
a: Renounce Religion, Minor Destruction, Lesser Servant of Makhleb, Major
Destruction


You were in the Dungeon.
You worshipped Makhleb.
Makhleb was greatly pleased with you.
You visited 1 branch

Inventory:

Hand Weapons
 m - a +3 long sword of flaming (weapon)
Missiles
 d - 3 throwing nets (quivered)
Armour
 a - a +3 scale mail of poison resistance (worn)
 b - a +0 leather armour
 c - a +0 helmet (worn)
Scrolls
 i - a scroll of blinking
 l - a scroll of summoning
Potions
 e - 6 potions of curing
 f - 6 potions of heal wounds
 g - a potion of haste
 k - 2 potions of invisibility


   Skills:
 + Level 6.4 Fighting
 + Level 6.2 Long Blades
 - Level 1.5 Throwing
 - Level 0.4 Armour
 + Level 7.5 Dodging
 + Level 4.9 Spellcasting
 + Level 5.9 Invocations


You had 11 spell levels left.
You knew the following spells:

 Your Spells              Type           Power      Damage    Failure   Level
a - Freeze                Ice            48%        1d7       14%         1
b - Poisonous Vapours     Pois/Air       24%        N/A       21%         2
Your spell library was empty.

Dungeon Overview and Level Annotations

Branches:
Dungeon (1/1)

Altars:
Ashenzari
Cheibriados
Dithmenos
Elyvilon
Fedhas
Gozag
Hepliaklqana
Kikubaaqudgha
Makhleb
Nemelex Xobeh
Okawaru
Qazlal
Ru
Sif Muna
Trog
Uskayaw
Vehumet
Wu Jian
Xom
Yredelemnul
Zin
The Shining One
Beogh
Jiyva
Lugonu


Innate Abilities, Weirdness & Mutations

You are immune to poison.
Your flesh is very heat resistant. (rF++)
You are vulnerable to cold. (rC-)
You float through the air rather than walking.
You learn spells naturally, not from books.
Your magical power is your life essence.
You have superior vitality. (+4 HP)


Message History

HP restored.
You see here a +0 dagger.
Things that are here:
a +0 dagger; a +0 robe; an orc corpse
Things that are here:
a +0 dagger; 4 boomerangs
There is an open door here.
Okay, then.
You reach down and open the door.
A ball python skeleton comes into view.
You hit the ball python skeleton. You burn the ball python skeleton.
The ball python skeleton is heavily damaged.
The ball python skeleton closely misses you.
You riposte.
You hit the ball python skeleton. You burn the ball python skeleton.
You destroy the ball python skeleton!
Makhleb accepts your kill.
There is an open door here.
As you open the door, it creaks loudly!
An orc knight comes into view. It is wielding a +0 great sword.
The orc knight shouts!
A red film seems to cover your vision as you go berserk!
You feel yourself moving faster!
You feel mighty!
The orc knight hits you with a +0 great sword!!
You slash the orc knight! You burn the orc knight.
The orc knight is moderately wounded.
The orc knight hits you with a +0 great sword.
You hit the orc knight. You burn the orc knight.
The orc knight is moderately wounded.
You slash the orc knight! You burn the orc knight.
The orc knight is heavily wounded.
The orc knight hits you with a +0 great sword!!
You hit the orc knight. You burn the orc knight.
The orc knight is severely wounded.
The orc knight hits you with a +0 great sword!
* * * LOW HITPOINT WARNING * * *
You completely miss the orc knight.
The orc knight is severely wounded.
The orc knight hits you with a +0 great sword!
You die...

#)#..#.))).##.......#
#'###########.......#
#.......# #########
#..#.#..# #.##.##.#
#.......#+#
#.##.##.#.+
#..#.#..#o#
#.......'@#
###########


You could see an orc knight.

Vanquished Creatures
  A warg (D)
  An ogre (D)
  A phantom (D)
  An iron imp (D)
  An orc wizard (D)
  An adder (D)
  A river rat (D)
  2 orcs (D)
  2 endoplasms (D)
  A giant cockroach (D)
  3 jackals (D)
  2 ball pythons (D)
  A ball python skeleton (D)
  2 frilled lizards (D)
20 creatures vanquished.

Notes
Turn   | Place    | Note
-------+----------+-------------------------------------------
     0 | D        | rocky1 the Djinni Gladiator began the quest for the Orb.
     0 | D        | Reached XP level 1. HP: 18/18 MP: 0/0
    35 | D        | Found a bloodstained altar of Trog.
    35 | D        | Found a viscous altar of Jiyva.
    35 | D        | Found a hazy altar of Hepliaklqana.
    35 | D        | Found an opulent altar of Gozag.
    36 | D        | Found a glowing golden altar of the Shining One.
    36 | D        | Found a glowing silver altar of Zin.
    36 | D        | Found a basalt altar of Yredelemnul.
    36 | D        | Found a shimmering altar of Xom.
    36 | D        | Found an ornate altar of the Wu Jian Council.
    36 | D        | Found a sacrificial altar of Ru.
    36 | D        | Found a stormy altar of Qazlal.
    36 | D        | Found an iron altar of Okawaru.
    36 | D        | Found a sparkling altar of Nemelex Xobeh.
    36 | D        | Found a burning altar of Makhleb.
    36 | D        | Found a blossoming altar of Fedhas.
    36 | D        | Found a white marble altar of Elyvilon.
    36 | D        | Found a shadowy altar of Dithmenos.
    36 | D        | Found a snail-covered altar of Cheibriados.
    39 | D        | Found a corrupted altar of Lugonu.
    40 | D        | Found a hide-covered altar of Uskayaw.
    40 | D        | Found a broken altar of Ashenzari.
    46 | D        | Became a worshipper of Makhleb the Destroyer
   100 | D        | Reached skill level 1 in Spellcasting
   100 | D        | Reached skill level 1 in Invocations
   100 | D        | Reached XP level 2. HP: 22/24 MP: 0/0
   156 | D        | Reached * piety under Makhleb
   160 | D        | Reached skill level 4 in Dodging
   162 | D        | Reached ** piety under Makhleb
   270 | D        | Noticed an ogre
   288 | D        | Killed an ogre
   289 | D        | Reached skill level 5 in Dodging
   289 | D        | Reached XP level 3. HP: 31/31 MP: 0/0
   289 | D        | Learned a level 1 spell: Freeze
   289 | D        | Reached XP level 4. HP: 38/38 MP: 0/0
   480 | D        | Noticed a warg
   487 | D        | Reached *** piety under Makhleb
   492 | D        | Killed a warg
   493 | D        | Reached skill level 5 in Fighting
   493 | D        | Reached skill level 5 in Long Blades
   493 | D        | Reached skill level 6 in Dodging
   493 | D        | Reached XP level 5. HP: 43/43 MP: 0/0
   493 | D        | Learned a level 2 spell: Poisonous Vapours
   498 | D        | Reached skill level 5 in Invocations
   498 | D        | Reached XP level 6. HP: 49/49 MP: 0/0
   508 | D        | Reached **** piety under Makhleb
   514 | D        | Reached skill level 7 in Dodging
   582 | D        | Noticed an orc knight
   588 | D        | Slain by an orc knight

Illustrated notes

Levels and vault maps discovered:
D:        pitsprint [storerooms_1, entrance_room_1, metal_vault_2, armoury_1,
          mini_pit_1, grid_room_1, main_hall_1, silver_pit, the_coven_1,
          the_vestibule_1, steel_vault_5, golden_pit, hallway_of_sentries,
          crystal_vault_1, iron_vault_1, final_vault]

Skill      XL: |  1  2  3  4  5  6 |
---------------+-------------------+-----
Long Blades    | 3 4 5 6 |  6.2
Spellcasting   | 1 3 4 |  4.9
Invocations    | 1 3 4 5 |  5.9
Dodging        | 5 6 7 |  7.5
Fighting       | 4 5 6 |  6.4
Throwing       | |  1.5
Armour         | |  0.4

Action                   |  1- 3 |  4- 6 || total
-------------------------+-------+-------++-------
Melee: Falchion          |    28 |     3 ||    31
       Long sword        |     2 |    42 ||    44
  Use: Potion            |     1 |     2 ||     3
Armor: Leather armour    |    11 |       ||    11
       Scale mail        |       |    24 ||    24
Dodge: Dodged            |    19 |    21 ||    40
       Rpst.: Falchion   |     7 |     2 ||     9
       Long sword        |       |     6 ||     6

Table legend: (Time is in decaauts)
 A = Elapsed time spent in this place.
 B = Non-inter-level travel time spent in this place.
 C = Inter-level travel time spent in this place.
 D = Time resting spent in this place.
 E = Time spent auto-exploring this place.
 F = Levels seen in this place.
 G = Mean time per level.
                   A        B        C        D        E       F      G
               +--------+--------+--------+--------+--------+-----+--------+
         Total |    616 |    616 |      0 |    280 |      0 |   1 |  616.0 |
       Dungeon |    616 |    616 |      0 |    280 |      0 |   1 |  616.0 |
               +--------+--------+--------+--------+--------+-----+--------+

Top non-repeatable levels by time:
       D: 616 daAuts
